 Dungeon Crawl Stone Soup version 0.32-a0-898-g7811c86cf0 (webtiles) character file.

Game seed: 7051022812411685624

170 BubbleThief the Sneak (level 5, -1/35 HPs)
             Began as a Vampire Enchanter on Apr 4, 2024.
             Incinerated by a bombardier beetle (5 damage)
             ... with a burning spray
             ... on level 3 of the Dungeon.
             The game lasted 00:05:32 (2238 turns).

BubbleThief the Sneak (Vampire Enchanter)           Turns: 2238, Time: 00:05:32

Health: -1/35      AC:  5    Str:  7    XL:     5   Next: 25%
Magic:  7/8        EV: 10    Int: 18    God:
Gold:   158        SH:  0    Dex: 16    Spells: 0/8 levels left

rFire   . . .        a - +1 dagger
rCold   . . .        (no shield)
rNeg    . . .        l - +1 leather armour {rPois}
rPois   +            g - +0 helmet
rElec   .            (no cloak)
rCorr   .            (no gloves)
SInv    +            (no boots)
Will    .....        (no amulet)
Stlth   ++           (no ring)
HPRegen 0.45/turn    (no ring)
MPRegen 0.11/turn

%: no passive effects
@: on fire, healing quickly, glowing
A: alive, fangs 3, see invisible, vampiric 2
a: Exsanguinate


You were on level 3 of the Dungeon.
You visited 1 branch of the dungeon, and saw 3 of its levels.

You collected 158 gold pieces.

Inventory:

Hand Weapons
 a - a +1 dagger (weapon)
Armour
 b - a +0 robe
 g - a +0 helmet (worn)
 l - a +1 leather armour of poison resistance (worn)
Scrolls
 f - a scroll of revelation {unknown}
 i - 7 scrolls of identify {unknown}
 j - a scroll of teleportation {unknown}
 k - 2 scrolls of blinking {unknown}
 m - a scroll of fear {unknown}
 n - a scroll of noise {unknown}
 o - a scroll of fog {unknown}
 p - a scroll of poison {unknown}
 q - a scroll of vulnerability {unknown}
Potions
 c - 2 potions of invisibility
 d - 4 potions of haste {unknown}
 e - a potion of magic {unknown}
 h - 3 potions of heal wounds {unknown}


   Skills:
 + Level 2.6 Short Blades
 - Level 2.1 Dodging
 * Level 6.7 Stealth
 - Level 2.0 Spellcasting
 * Level 6.5 Hexes


You couldn't memorise any spells.
You knew the following spells:

 Your Spells              Type           Power      Damage    Failure   Level
a - Ensorcelled Hibernat  Hex/Ice        26%        N/A       11%         2
b - Confusing Touch       Hex            25%        N/A       5%          3
c - Tukima's Dance        Hex            25%        N/A       5%          3

Your spell library contained the following spells:

 Spells                   Type           Power      Damage    Failure   Level
 Dazzling Flash           Conj/Hex       26%        N/A       22%         3
 Inner Flame              Hex/Fire       13%        N/A       22%         3
 Magic Dart               Conj           4%         1d3       26%         1
 Blink                    Tloc           2%         N/A       38%         2
 Call Imp                 Summ           2%         N/A       38%         2
 Cigotuvi's Dreadful Rot  Necr/Alch/Air  2%         N/A       38%         2
 Dispel Undead            Necr           1%         3d6       95%         4
 Martyr's Knell           Necr/Summ      1%         N/A       95%         4
 Vhi's Electric Charge    Tloc/Air       2%         N/A       95%         4
 Arcjolt                  Conj/Air       0%         1d10      100%        5
 Irradiate                Conj/Alch      0%         3d11      100%        5
 Plasma Beam              Fire/Air       0%         2x1d10    100%        6
 Ignition                 Fire           0%         3d3       100%        8


Dungeon Overview and Level Annotations

Branches:
Dungeon (3/15)

Altars:
Yredelemnul

Shops:
D:2 ?*:[

Annotations:
D:1 1 transporter


Innate Abilities, Weirdness & Mutations

Your natural rate of healing is accelerated.
You have razor-sharp teeth.
You have supernaturally acute eyesight. (SInv)
You are afflicted with vampirism and can become a bat while bloodless.


Message History

The bombardier beetle is moderately wounded.
The liquid fire burns you!
The bombardier beetle barely misses you.
You hit the bombardier beetle.
The bombardier beetle is heavily wounded.
The liquid fire burns you!
You hit the bombardier beetle.
The bombardier beetle is heavily wounded.
The liquid fire burns you!
The bombardier beetle closely misses you.
You hit the bombardier beetle but do no damage.
You bite the bombardier beetle, but do no damage.
The bombardier beetle is heavily wounded.
The liquid fire burns you!
You hit the bombardier beetle.
The bombardier beetle is severely wounded.
The liquid fire burns you! The bombardier beetle bites you.
You hit the bombardier beetle but do no damage.
You bite the bombardier beetle, but do no damage.
The bombardier beetle is severely wounded.
The liquid fire burns you! The bombardier beetle bites you.
You hit the bombardier beetle.
The bombardier beetle is almost dead.
The liquid fire burns you!
* * * LOW HITPOINT WARNING * * *
You hit the bombardier beetle but do no damage.
The bombardier beetle is almost dead.
The liquid fire burns you!
* * * LOW HITPOINT WARNING * * *
The bombardier beetle sprays incendiary fluid at you.
The burning spray hits you.
You are even more covered in liquid fire!
You shake off some of the fire as you move.
The liquid fire burns you!
* * * LOW HITPOINT WARNING * * *
You shake off some of the fire as you move.
The liquid fire burns you!
You die...

#.........._........#
.......#.......#)...#
.......##.....##....#
........##...##.....#
.....<...##.##.....#####
..........#.#......B...##
#.......................##
#........................#
..#########.....@........#
### ###.................#
# ####...##.........)....#
###....####..............#
#...#### ##............##
..### ##..........## #####
######.###### ....#
#......# .>..#
#####.....##


You could see a bombardier beetle.

Vanquished Creatures
  3 gnolls (D:3)
  5 adders
  5 ribbon worms
  2 dart slugs
  3 orcs (D:3)
  4 ball pythons
  9 bats
  5 endoplasms
  4 giant cockroaches
  7 goblins
  5 hobgoblins
  A quokka (D:1)
  3 frilled lizards
  7 kobolds
  5 rats
68 creatures vanquished.

Vanquished Creatures (collateral kills)
  A gnoll (D:3)
1 creature vanquished.

Grand Total: 69 creatures vanquished

Notes
Turn   | Place    | Note
-------+----------+-------------------------------------------
     0 | D:1      | BubbleThief the Vampire Enchanter began the quest for the
                  | Orb.
     0 | D:1      | Reached XP level 1. HP: 13/13 MP: 3/3
   139 | D:1      | Reached XP level 2. HP: 19/19 MP: 5/5
   142 | D:1      | Learned a level 2 spell: Ensorcelled Hibernation
   163 | D:1      | Found a faded altar of an unknown god.
   320 | D:1      | Reached skill level 5 in Stealth
   384 | D:1      | Reached skill level 5 in Hexes
   575 | D:1      | You fall into a shaft and drop 1 floor!
   603 | D:2      | Gained mutation: You are afflicted with vampirism and can
                  | become a bat while bloodless. [Vampire growth]
   603 | D:2      | Reached XP level 3. HP: 22/24 MP: 6/6
   607 | D:2      | Learned a level 3 spell: Confusing Touch
   906 | D:2      | Reached XP level 4. HP: 23/30 MP: 2/7
   955 | D:2      | Found Tureheps's Antique Armour Shoppe.
  1232 | D:2      | Found Deuk's Book Shop.
  1296 | D:2      | Found Cucesaul's Assorted Antiques.
  1577 | D:2      | Found Naowexus's Magic Scroll Boutique.
  1803 | D:3      | Found a basalt altar of Yredelemnul.
  1999 | D:3      | Reached XP level 5. HP: 35/35 MP: 5/8
  2065 | D:3      | Learned a level 3 spell: Tukima's Dance
  2238 | D:3      | Incinerated by a bombardier beetle

Illustrated notes

Levels and vault maps discovered:
D:1:      spicycebolla_arrival_risky_transporter, layout_loops_cross,
          hellmonk_ecumenical_altar_run_dry
D:2:      layout_basic, serial_shops, shop, nicolae_shop_rolled_up, shop, shop
D:3:      layout_rooms, lemuel_round_altar

Skill      XL: |  1  2  3  4 |
---------------+-------------+-----
Stealth        | 5 6 |  6.7
Hexes          | 5 6 |  6.5
Short Blades   | 2 |  2.6
Dodging        | |  2.1
Spellcasting   | |  2.0

Action                     |  1- 3 |  4- 6 || total
---------------------------+-------+-------++-------
  Melee: Dagger            |    75 |    76 ||   151
         Bite              |     7 |    11 ||    18
   Cast: Ensorcelled Hiber |     6 |    18 ||    24
         Tukima's Dance    |       |     1 ||     1
   Stab: Sleeping          |    17 |    15 ||    32
         Distracted        |     1 |       ||     1
 Armour: Robe              |    34 |    16 ||    50
         Leather armour    |       |    20 ||    20
  Dodge: Dodged            |    24 |    34 ||    58

Table legend: (Time is in decaauts)
 A = Elapsed time spent in this place.
 B = Non-inter-level travel time spent in this place.
 C = Inter-level travel time spent in this place.
 D = Time resting spent in this place.
 E = Time spent auto-exploring this place.
 F = Levels seen in this place.
 G = Mean time per level.
                   A        B        C        D        E       F      G
               +--------+--------+--------+--------+--------+-----+--------+
         Total |   2222 |   2161 |     61 |      0 |   1533 |   3 |  740.7 |
       Dungeon |   2222 |   2161 |     61 |      0 |   1533 |   3 |  740.7 |
               +--------+--------+--------+--------+--------+-----+--------+

Top non-repeatable levels by time:
     D:2: 1052 daAuts
     D:3: 598 daAuts
     D:1: 571 daAuts
